 Dungeon Crawl Stone Soup version 0.22-a0-858-g985ef60 (webtiles) character file.

56 Amnesiac the Vexing (level 3, 0/24 HPs)
             Began as a Mummy Enchanter on July 27, 2018.
             Slain by a hobgoblin (5 damage)
             ... on level 2 of the Dungeon.
             The game lasted 00:04:33 (2254 turns).

Amnesiac the Vexing (Mummy Enchanter)               Turns: 2254, Time: 00:04:33

Health: 0/24       AC:  3    Str: 11    XL:     3   Next: 69%
Magic:  0/8        EV: 12    Int: 15    God:
Gold:   119        SH:  0    Dex: 12    Spells: 2/9 levels left

rFire    x . .     SeeInvis .   a - +1 dagger
rCold    + . .     Gourm    .   (no shield)
rNeg     + + +     Faith    .   b - +0 robe
rPois    ∞         Spirit   .   (no helmet)
rElec    .         Reflect  .   j - +0 cloak (curse)
rCorr    .         Harm     .   (no gloves)
MR       .....                  (no boots)
Stlth    ++........             (no amulet)
HPRegen  0.08/turn              (no ring)
MPRegen  0.11/turn              (no ring)

@: no status effects
A: no food or potions, fire vulnerability, cold resistance 1, negative energy
resistance 3, torment resistance, unbreathing
a: no special abilities


You were on level 2 of the Dungeon.
You were not hungry.

You visited 1 branch of the dungeon, and saw 3 of its levels.

You collected 119 gold pieces.

Inventory:

Hand Weapons
 a - a +1 dagger (weapon)
Armour
 b - a +0 robe (worn)
 j - a cursed +0 cloak (worn)
Jewellery
 f - an uncursed ring of wizardry {unknown}
 k - an uncursed ring of positive energy {unknown}
Scrolls
 c - a scroll of random uselessness {!r, unknown}
 d - a scroll of identify {!r, unknown}
 e - 3 scrolls of amnesia {!r, unknown}
 g - a scroll of enchant armour {!r, unknown}
 h - a scroll of enchant weapon {!r, unknown}
 i - a scroll of remove curse {!r, unknown}


   Skills:
 + Level 0.9 Short Blades
 - Level 1.5 Dodging
 - Level 2.4 Stealth
 + Level 3.5 Spellcasting
 * Level 3.8 Hexes


You had 2 spell levels left.
You knew the following spells:

 Your Spells              Type           Power        Failure   Level  Hunger
a - Corona                Hex            ##.....      4%          1    N/A
e - Confuse               Hex            ##......     12%         3    N/A
w - Tukima's Dance        Hex            ##......     12%         3    N/A

Your spell library contained the following spells:

 Spells                   Type           Power        Failure   Level  Hunger
 Ensorcelled Hibernation  Hex/Ice        #.....       13%         2    N/A
 Dazzling Spray           Conj/Hex       #.....       26%         3    N/A

Dungeon Overview and Level Annotations

Branches:
Dungeon (3/15)

Altars:
Qazlal

Annotations:
D:3 exclusion: adder, Ijyb, Natasha


Innate Abilities, Weirdness & Mutations

You do not eat or drink.
Your flesh is vulnerable to fire.
You are immune to poison.
Your flesh is cold resistant. (rC+)
You are immune to negative energy. (rN+++)
You are immune to unholy pain and torment.
You can survive without breathing.


Message History

Things that are here:
a club; a goblin corpse
Casting: Corona (safe; 4% risk of failure)
Confirm with . or Enter, or press ? or * to list all spells.
Aiming: Corona (safe; 4% risk of failure)
Press: ? - help, Shift-Dir - straight line, f - hobgoblin
Aim: a hobgoblin (chance to defeat MR: 67%)
The hobgoblin is outlined in light.
The hobgoblin closely misses you. The adder barely misses you.
Things that are here:
a club; a goblin corpse The adder bites you.
The adder bites you.
You see here a tourmaline ring.
Casting: Corona (safe; 4% risk of failure)
Confirm with . or Enter, or press ? or * to list all spells.
Aiming: Confuse (safe; 12% risk of failure)
Press: ? - help, Shift-Dir - straight line, f/p - hobgoblin
Aim: a hobgoblin (softly glowing, chance to defeat MR: 62%)
The adder appears confused.
Unknown command.
The adder bites you.
You hit the adder but do no damage.
The adder bites the hobgoblin but does no damage.
You hit the adder.
The adder is heavily wounded.
The hobgoblin stops glowing.
You barely miss the adder.
The adder is heavily wounded.
The adder barely misses the hobgoblin.
You hit the adder.
The adder is severely wounded.
The adder closely misses the hobgoblin.
You hit the adder.
The adder is almost dead.
The adder closely misses you.
You strike the helpless adder from behind!
You puncture the adder!
You kill the adder!
Casting: Confuse (safe; 12% risk of failure)
Confirm with . or Enter, or press ? or * to list all spells.
Aiming: Confuse (safe; 12% risk of failure)
Press: ? - help, Shift-Dir - straight line, f/p - hobgoblin
Aim: a hobgoblin (chance to defeat MR: 62%)
The hobgoblin resists with significant effort.
The hobgoblin hits you.
Unknown command.
You hit the hobgoblin but do no damage. The hobgoblin hits you.
You closely miss the hobgoblin. The hobgoblin hits you.
* * * LOW HITPOINT WARNING * * *
Casting: Confuse (safe; 12% risk of failure)
Confirm with . or Enter, or press ? or * to list all spells.
Aiming: Corona (safe; 4% risk of failure)
Press: ? - help, Shift-Dir - straight line, f/p - hobgoblin
Aim: a hobgoblin (chance to defeat MR: 68%)
The hobgoblin barely resists.
The hobgoblin hits you.
* * * LOW HITPOINT WARNING * * *
You barely miss the hobgoblin. The hobgoblin hits you.
* * * LOW HITPOINT WARNING * * *
You see here a tourmaline ring.
k - a tourmaline ring The hobgoblin hits you.
You die...

###########
#####.......$..
.?.........#
##.#.#.....###.
####
#.....)........
....
#.##.#.........
##.#
#.##s##..[####.
...# .#
#.##g###..#
#(.##.# #.##@# .?#
#..##.# #.##.#
.... #..##.#
#.##.# ...##
#.....#######.##..
....
†.....#....(..##.#
#.#...#.########.#
#.#...#.# #..
#.......# ###
#.......#


You could see a giant cockroach and a hobgoblin.

Vanquished Creatures
  An adder (D:2)
  An adder skeleton (D:2)
  A worm (D:2)
  A leopard gecko (D:3)
  A ball python (D:2)
  3 giant cockroaches
  3 goblins
  5 hobgoblins
  5 kobolds (D:1)
  2 quokkas
  7 bats
  3 frilled lizards
  5 rats
38 creatures vanquished.

Notes
Turn   | Place    | Note
-------+----------+-------------------------------------------
     0 | D:1      | Amnesiac the Mummy Enchanter began the quest for the Orb.
     0 | D:1      | Reached XP level 1. HP: 13/13 MP: 4/4
   712 | D:3      | Reached XP level 2. HP: 19/19 MP: 4/6
   729 | D:3      | Noticed Ijyb
   796 | D:3      | Found a stormy altar of Qazlal.
   796 | D:3      | Noticed an air elemental
   797 | D:3      | Noticed an earth elemental
   797 | D:3      | Noticed a fire elemental
   797 | D:3      | Noticed a water elemental
   858 | D:3      | Noticed Natasha
  1693 | D:1      | Reached XP level 3. HP: 24/24 MP: 5/7
  1698 | D:1      | Learned a level 3 spell: Confuse
  1702 | D:1      | Learned a level 3 spell: Tukima's Dance
  2254 | D:2      | Slain by a hobgoblin

Vault maps used:
D:1:      dpeg_arrival_windows_large_door, minmay_misc_feat_rows
D:2:      first_ration, hangedman_decor_diamond_cutter
D:3:      grunt_temple_overflow_open, glass_columns_c,
          nicolae_qazlal_style_of_elements, uniq_natasha, uniq_grinder,
          uniq_terence, uniq_ijyb

Skill      XL: |  1 |
---------------+----+-----
Hexes          | 3 |  3.8
Spellcasting   | 3 |  3.5
Short Blades   | |  0.9
Dodging        | |  1.5
Stealth        | |  2.4

Action                   || total
-------------------------++-------
Melee: Dagger            ||   160
 Cast: Corona            ||    42
       Confuse           ||     7
 Stab: Sleeping          ||     5
       Confused          ||     4
Armor: Robe              ||    40
Dodge: Dodged            ||    94

Table legend:
 A = Spawn XP
 B = Non-spawn XP
 C = Spawn XP percentage of total XP
 D = Spawn monster count
 E = Non-spawn monster count
 F = Spawn count percentage of total count
 G = Total turns spent on level
                    A         B        C        D         E        F      G
               +---------+---------+-------+---------+---------+-------+---------
         Total |       0 |      80 |   0.0 |       0 |      38 |   0.0 |  2254
               +---------+---------+-------+---------+---------+-------+---------
           D:1 |       0 |      30 |   0.0 |       0 |      19 |   0.0 |  1033
           D:2 |       0 |      41 |   0.0 |       0 |      14 |   0.0 |   397
           D:3 |       0 |       9 |   0.0 |       0 |       5 |   0.0 |   824
               +---------+---------+-------+---------+---------+-------+---------
